 Dungeon Crawl Stone Soup version 0.24.1-4-ge52af88ad5 (webtiles) character file.

Game seed: 14736912678955751023, levelgen mode: deterministic

607 Gruesph the Spear-Bearer (level 7, 0/55 HPs)
             Began as a Merfolk Skald on Apr 16, 2020.
             Slain by Edmund
             ... wielding a +5 dire flail of crushing
              (10 damage)
             ... on level 4 of the Dungeon.
             The game lasted 00:23:06 (6301 turns).

Gruesph the Spear-Bearer (Merfolk Skald)            Turns: 6301, Time: 00:23:06

Health: 0/55       AC:  4    Str: 13    XL:     7   Next: 43%
Magic:  5/10       EV: 12    Int: 12    God:
Gold:   231        SH:  0    Dex: 14    Spells: 3/10 levels left

rFire    . . .     SeeInvis .   a - +0 spear
rCold    . . .     Gourm    .   (no shield)
rNeg     . . .     Faith    .   b - +0 leather armour
rPois    .         Spirit   .   (no helmet)
rElec    .         Reflect  .   (no cloak)
rCorr    .         Harm     .   (no gloves)
MR       .....                  k - +0 pair of boots
Stlth    ++........             (no amulet)
HPRegen  0.18/turn              (no ring)
MPRegen  0.12/turn              (no ring)

@: no status effects
A: change form in water, swift swim, stealthy swim
a: no special abilities


You were on level 4 of the Dungeon.
You were not hungry.

You visited 1 branch of the dungeon, and saw 4 of its levels.

You collected 231 gold pieces.

Inventory:

Hand Weapons
 a - a +0 spear (weapon)
Missiles
 g - 111 stones (quivered)
Armour
 b - a +0 leather armour (worn)
 k - a +0 pair of boots (worn)
Jewellery
 o - an uncursed ring of see invisible {unknown}
Scrolls
 e - a scroll of blinking
 i - a scroll of identify
 l - a scroll of teleportation
 m - a scroll of enchant armour {unknown}
 r - 2 scrolls of remove curse
Potions
 c - a potion of brilliance {unknown}
 d - a potion of haste {unknown}
 h - 2 potions of heal wounds
 j - a potion of magic {unknown}
 n - a potion of invisibility {unknown}
Comestibles
 f - 12 rations


   Skills:
 + Level 4.7 Fighting
 * Level 8.4 Polearms
 - Level 0.6 Armour
 - Level 2.6 Dodging
 - Level 2.0 Stealth
 - Level 2.0 Spellcasting
 - Level 3.0 Hexes
 + Level 3.2 Charms


You had 3 spell levels left.
You knew the following spells:

 Your Spells              Type           Power        Failure   Level  Hunger
a - Infusion              Chrm           #...         9%          1    ##.....
b - Spectral Weapon       Hex/Chrm       #.......     28%         3    ####...
c - Regeneration          Chrm/Necr      #.........   47%         3    ####...

Your spell library contained the following spells:

 Spells                   Type           Power        Failure   Level  Hunger
 Song of Slaying          Chrm           #.......     14%         2    ###....
 Shroud of Golubria       Chrm/Tloc      #.....       26%         2    ###....


Dungeon Overview and Level Annotations

Branches:
Dungeon (4/15)
 Temple: D:4-7

Altars:

Annotations:
D:4 Edmund


Message History

Your spectral weapon hits Edmund but does no damage.
Edmund hits you with a +5 dire flail of crushing!
You barely miss Edmund.
Edmund is lightly wounded.
Your skin stops crawling.
Your spectral weapon hits Edmund from afar.
Edmund hits you with a +5 dire flail of crushing!
You hit Edmund but do no damage.
Edmund is lightly wounded.
Your spectral weapon hits Edmund from afar.
You barely miss Edmund.
Edmund is moderately wounded.
Your spectral weapon hits Edmund from afar.
Edmund hits you with a +5 dire flail of crushing!
* * * LOW HITPOINT WARNING * * *
x2 You hit Edmund but do no damage.
Edmund is moderately wounded.
Your spectral weapon hits Edmund from afar.
Edmund hits you with a +5 dire flail of crushing!
You die...

#.##.# ..##.######
#########**####*** ...#......####
#.......#*.....,,, .#.#.........#
#.......#*...#*,,,
...#.......).###.......##...#8,,,
..........(.(...............#*,,,
............................#*,,,
####......................###*,,,
.............([@@[.((.....'.#8,,,
###...###........(...(....#.##...
.......######........[)...#*##...
.......###############..######...
#.##...)....................#8..)
#.##...#############........##...
..##..## #...#....##... #.##.o#
#...#....#*#.. #.....# ######'###
#..


You could see Edmund and a friendly spectral +0 spear.

Vanquished Creatures
  An ogre (D:3)
  6 orc priests
  4 orc wizards
  2 worker ants (D:4)
  3 gnolls
  5 adders
  An ooze (D:3)
  4 worms
  3 dart slugs
  2 leopard geckos
  15 orcs
  4 bats
  4 giant cockroaches
  7 goblins
  9 hobgoblins
  4 jackals (D:1)
  4 kobolds
  A quokka (D:3)
  A ball python (D:4)
  A frilled lizard (D:3)
  A leopard gecko skeleton (D:4)
  5 rats
87 creatures vanquished.

Notes
Turn   | Place    | Note
-------+----------+-------------------------------------------
     0 | D:1      | Gruesph the Merfolk Skald began the quest for the Orb.
     0 | D:1      | Reached XP level 1. HP: 16/16 MP: 3/3
   137 | D:1      | Reached XP level 2. HP: 19/23 MP: 0/5
   373 | D:1      | Reached skill level 1 in Stealth
   760 | D:1      | Reached skill level 4 in Polearms
  1135 | D:1      | Reached XP level 3. HP: 28/28 MP: 3/6
  2369 | D:2      | Reached XP level 4. HP: 24/35 MP: 3/7
  2614 | D:2      | Reached skill level 5 in Polearms
  2774 | D:2      | Learned a level 3 spell: Spectral Weapon
  2778 | D:2      | Learned a level 3 spell: Regeneration
  3178 | D:3      | Reached XP level 5. HP: 36/41 MP: 6/8
  3374 | D:3      | Reached skill level 1 in Hexes
  3868 | D:3      | Reached skill level 6 in Polearms
  4200 | D:3      | Reached XP level 6. HP: 29/48 MP: 5/9
  4558 | D:4      | Reached skill level 7 in Polearms
  5706 | D:3      | Reached skill level 8 in Polearms
  5706 | D:3      | Reached XP level 7. HP: 18/55 MP: 4/10
  6284 | D:4      | Noticed Edmund
  6301 | D:4      | Slain by Edmund

Levels and vault maps discovered:
D:1:      dpeg_arrival_leaves_temple_mockup, layout_basic, serial_forest,
          infiniplex_forest_straight_3, infiniplex_forest_3_way,
          infiniplex_forest_clump_small, infiniplex_forest_clump_small,
          kennysheep_crisscross
D:2:      layout_rooms
D:3:      layout_rooms, guppyfry_early_orc_mine
D:4:      layout_basic, serial_corexii_hall, corexii_hall_statues_i,
          corexii_hall_statues_l, minmay_diced_spiral, uniq_edmund

Skill      XL: |  1  2  3  4  5  6  7 |
---------------+----------------------+-----
Stealth        | 1 2 |  2.0
Polearms       | 4 5 6 8 |  8.4
Fighting       | 3 4 |  4.7
Hexes          | 1 2 3 |  3.0
Armour         | |  0.6
Dodging        | |  2.6
Spellcasting   | |  2.0
Charms         | |  3.2

Action                   |  1- 3 |  4- 6 |  7- 9 || total
-------------------------+-------+-------+-------++-------
Melee: Spear             |   114 |   275 |    57 ||   446
Throw: Stone             |    25 |    31 |     5 ||    61
 Cast: Infusion          |     7 |     6 |       ||    13
       Spectral Weapon   |       |    10 |     1 ||    11
       Regeneration      |       |     4 |     2 ||     6
  Use: Scroll            |       |     6 |       ||     6
 Stab: Sleeping          |     1 |     2 |       ||     3
       Distracted        |       |       |     1 ||     1
  Eat: Chunk             |     4 |    13 |       ||    17
       Ration            |       |       |     1 ||     1
Armor: Leather armour    |    13 |    51 |     5 ||    69
Dodge: Dodged            |    45 |   106 |    12 ||   163
